 Dungeon Crawl Stone Soup version 0.27.1-34-g3ba077fa99 (webtiles) character file.

Game seed: 14650378459707591170

2304 Hugehornet the Shield-Bearer (level 9, -3/111 HPs)
             Began as a Gnoll Fighter on Jan 19, 2022.
             Was a Believer of Okawaru.
             Slain by a redback (6 damage)
             ... on level 6 of the Dungeon.
             The game lasted 00:15:46 (6805 turns).

Hugehornet the Shield-Bearer (Gnoll Fighter)        Turns: 6805, Time: 00:15:47

Health: -3/111     AC: 24    Str: 23    XL:     9   Next: 40%
Magic:  15/15      EV:  2    Int: 10    God:    Okawaru [**....]
Gold:   150        SH: 12    Dex: 17    Spells: 16/16 levels left

rFire    . . .     SeeInvis .   o - +2 spear (flame)
rCold    . . .     Faith    .   c - +0 kite shield
rNeg     + + +     Spirit   .   (armour currently unavailable)
rPois    +         Reflect  .   (helmet currently unavailable)
rElec    .         Harm     .   (cloak currently unavailable)
rCorr    .         Rampage  .   (gloves currently unavailable)
Will     .....     NoTele   +   (boots currently unavailable)
Stlth    +++.......             i - amulet of the acrobat
HPRegen  0.28/turn              O - +6 ring of dexterity
MPRegen  0.14/turn              I - +6 ring of strength

@: mighty, lethally poisoned (-3 -> -29), tree-form
A: stationary, stasis, torment immunity, boosted hp, (fangs 1), strong nose,
distributed training
a: Renounce Religion, Heroism


You were on level 6 of the Dungeon.
You worshipped Okawaru.
Okawaru was pleased with you.
You were a tree.
You visited 2 branches of the dungeon, and saw 7 of its levels.

You collected 241 gold pieces.
You spent 91 gold pieces at shops.

Inventory:

Hand Weapons
 a - a +0 trident
 o - a +2 spear of flaming (weapon)
 p - a +0 war axe
 v - a +2 flail of holy wrath
 x - a +0 dagger
 H - a +2 dagger of draining
 N - a +3 halberd
Missiles
 q - 36 poisoned darts (quivered)
 D - 4 throwing nets
Armour
 b - a +0 scale mail
 c - a +0 kite shield (worn)
 t - a +1 plate armour of fire resistance
 G - a +0 pair of boots (melded)
 J - a +0 helmet (melded)
 M - a +3 scale mail (melded)
Jewellery
 i - an amulet of the acrobat (around neck)
 l - an amulet of guardian spirit
 m - an amulet of faith
 n - an amulet of regeneration
 y - a ring of protection from cold
 C - a ring of positive energy
 I - a +6 ring of strength (right branch)
 O - a +6 ring of dexterity (left branch)
Wands
 E - a wand of acid (6)
 F - a wand of flame (39)
Scrolls
 e - a scroll of vulnerability {unknown}
 h - 2 scrolls of fear {unknown}
 j - a scroll of amnesia {unknown}
 s - a scroll of enchant weapon {unknown}
 w - 2 scrolls of fog {unknown}
 B - 2 scrolls of teleportation {unknown}
 L - a scroll of magic mapping {unknown}
 P - a scroll of enchant armour {unknown}
 Q - a scroll of brand weapon {unknown}
Potions
 d - 2 potions of might
 g - 3 potions of haste
 k - a potion of magic
 z - 2 potions of flight
 A - a potion of mutation {unknown}
 K - a potion of degeneration {unknown}


   Skills:
 + Level 7.9 Fighting
 + Level 4.2 Short Blades
 + Level 4.2 Long Blades
 + Level 4.2 Axes
 + Level 4.2 Maces & Flails
 + Level 6.3 Polearms
 + Level 4.2 Staves
 + Level 4.2 Slings
 + Level 4.2 Bows
 + Level 4.2 Crossbows
 + Level 4.2 Throwing
 + Level 7.9 Armour
 + Level 4.2 Dodging
 + Level 4.2 Stealth
 + Level 7.9 Shields
 + Level 4.2 Unarmed Combat
 + Level 4.2 Spellcasting
 + Level 3.4 Conjurations
 + Level 3.4 Hexes
 + Level 3.4 Summonings
 + Level 3.4 Necromancy
 + Level 3.4 Translocations
 + Level 3.4 Transmutations
 + Level 3.4 Fire Magic
 + Level 3.4 Ice Magic
 + Level 3.4 Air Magic
 + Level 3.4 Earth Magic
 + Level 3.4 Poison Magic
 + Level 4.6 Invocations
 + Level 4.2 Evocations


You had 16 spell levels left.
You didn't know any spells.
Your spell library contained the following spells:

 Spells                   Type           Power      Damage    Failure   Level
 Summon Small Mammal      Summ           36%        N/A       14%         1
 Corpse Rot               Necr/Air       N/A        N/A       22%         2
 Call Canine Familiar     Summ           9%         N/A       41%         3
 Ozocubu's Armour         Ice            9%         N/A       41%         3
 Portal Projectile        Hex/Tloc       18%        N/A       41%         3
 Summon Guardian Golem    Hex/Summ       9%         N/A       41%         3
 Dispel Undead            Necr           9%         3d8       82%         4
 Leda's Liquefaction      Hex/Erth       4%         N/A       82%         4
 Metabolic Englaciation   Hex/Ice        4%         N/A       99%         5
 Death Channel            Necr           4%         N/A       100%        6
 Simulacrum               Ice/Necr       4%         N/A       100%        6


Dungeon Overview and Level Annotations

Branches:
Dungeon (6/15)             Temple (1/1) D:4

Altars:
Cheibriados
Dithmenos
Elyvilon
Fedhas
Gozag
Hepliaklqana
Kikubaaqudgha
Makhleb
Nemelex Xobeh
Okawaru
Qazlal
Ru
Sif Muna
Vehumet
Wu Jian
Xom
Yredelemnul
Zin
The Shining One

Shops:
D:4 (?[

Annotations:
D:6 2 runed translucent doors


Innate Abilities, Weirdness & Mutations

You are a tree.
Your roots penetrate the ground, keeping you stationary.
You cannot be teleported.
You are immune to unholy pain and torment.
Your maximum health is greatly increased.
Your equipment is partially melded.
((You have very sharp teeth.))
Your uncanny sense of smell can sniff out nearby items.
Your experience applies equally to all skills.


Message History

Okawaru accepts your kill.
You feel very sick.
You closely miss the adder.
You feel very sick. The adder misses you.
You closely miss the redback.
You feel sick. You block the redback's attack.
You closely miss the redback.
You feel sick. The redback closely misses you.
You puncture the redback! You burn the redback.
The redback is heavily wounded.
You feel sick.
The redback bites you but does no damage.
The redback closely misses you.
You hit the redback. You burn the redback.
The redback is severely wounded.
You feel sick. You block the redback's attack.
You puncture the redback! You burn the redback.
You kill the redback!
Okawaru accepts your kill.
You feel sick.
You puncture the redback! You burn the redback.
The redback is severely wounded.
You feel sick. The redback bites you.
* * * LOW HITPOINT WARNING * * *
You are lethally poisoned!
The redback poisons you! You block the redback's attack.
You barely miss the redback.
The redback is severely wounded.
* * * LOW HITPOINT WARNING * * *
You feel extremely sick. The redback completely misses you.
Really quaff the potion of lignification?
You turn into a tree.
Your +0 helmet melds into your body.
Your +0 pair of boots melds into your body.
Your +3 scale mail melds into your body.
Your roots penetrate the ground.
* * * LOW HITPOINT WARNING * * *
You feel extremely sick.
The redback bites you but does no damage.
The redback bites you.
You die...

########## #....#
###........## #....#
##...######..####..##
#...##....##..##...##
#...#.....+##..#...##
#..##s....#y##.....#.
#..#s....##yy###.....
#..###S###yy.yy####..
#...♣ss$$#yy.y.y+)###
#..###S###yy...####..
#..#S....##..###....#
#..##S....#y##......#
#...#.S...+##..#...#.
#.#.##....##.......#.
#.#..######........#.
#.##.................
#..........######..#.


You could see a redback, a scorpion, 6 killer bees and 2 adders.

Vanquished Creatures
  2 redbacks (D:6)
  3 water moccasins
  An ice beast (D:5)
  An orc warrior (D:4)
  3 ogres
  2 centaurs
  A gnoll sergeant (D:6)
  2 scorpions (D:6)
  A wyvern zombie (D:5)
  2 howler monkeys (D:6)
  A bullfrog zombie (D:5)
  A centaur skeleton (D:6)
  4 hounds
  2 jellies (D:4)
  2 bullfrog skeletons (D:6)
  An orc priest (D:4)
  2 iguanas (D:5)
  2 orc wizards (D:4)
  A hound skeleton (D:4)
  16 gnolls
  5 adders
  A white imp (D:4)
  An adder skeleton (D:4)
  2 dart slugs (D:1)
  18 orcs
  9 ball pythons
  8 endoplasms
  4 giant cockroaches
  5 goblins
  13 hobgoblins
  4 jackals (D:3)
  5 quokkas
  8 bats
  4 frilled lizards
  5 kobolds
  6 rats
148 creatures vanquished.

Notes
Turn   | Place    | Note
-------+----------+-------------------------------------------
     0 | D:1      | Hugehornet the Gnoll Fighter began the quest for the Orb.
     0 | D:1      | Reached XP level 1. HP: 23/23 MP: 1/1
   130 | D:1      | Reached XP level 2. HP: 25/29 MP: 2/2
   535 | D:1      | Reached XP level 3. HP: 31/35 MP: 3/3
   776 | D:1      | Found a faded altar of an unknown god.
   776 | D:1      | Noticed a green death
  1171 | D:2      | Reached skill level 1 in Invocations
  1223 | D:2      | Reached skill level 1 in Short Blades
  1223 | D:2      | Reached skill level 1 in Long Blades
  1223 | D:2      | Reached skill level 1 in Axes
  1223 | D:2      | Reached skill level 1 in Maces & Flails
  1223 | D:2      | Reached skill level 1 in Staves
  1223 | D:2      | Reached skill level 1 in Slings
  1223 | D:2      | Reached skill level 1 in Bows
  1223 | D:2      | Reached skill level 1 in Crossbows
  1223 | D:2      | Reached skill level 1 in Throwing
  1223 | D:2      | Reached skill level 1 in Dodging
  1223 | D:2      | Reached skill level 1 in Stealth
  1223 | D:2      | Reached skill level 1 in Unarmed Combat
  1223 | D:2      | Reached skill level 1 in Spellcasting
  1223 | D:2      | Reached skill level 1 in Evocations
  1300 | D:2      | Reached XP level 4. HP: 41/41 MP: 5/5
  1826 | D:3      | Reached skill level 1 in Conjurations
  1826 | D:3      | Reached skill level 1 in Hexes
  1826 | D:3      | Reached skill level 1 in Summonings
  1826 | D:3      | Reached skill level 1 in Necromancy
  1826 | D:3      | Reached skill level 1 in Translocations
  1826 | D:3      | Reached skill level 1 in Transmutations
  1826 | D:3      | Reached skill level 1 in Fire Magic
  1826 | D:3      | Reached skill level 1 in Ice Magic
  1826 | D:3      | Reached skill level 1 in Air Magic
  1826 | D:3      | Reached skill level 1 in Earth Magic
  1826 | D:3      | Reached skill level 1 in Poison Magic
  2116 | D:3      | Reached XP level 5. HP: 47/47 MP: 6/6
  2620 | D:4      | Found a shimmering altar of Xom.
  2622 | D:4      | Found an ancient bone altar of Kikubaaqudgha.
  2987 | D:4      | Noticed an orc warrior
  3007 | D:4      | Killed an orc warrior
  3008 | D:4      | Reached XP level 6. HP: 16/53 MP: 8/8
  3010 | D:4      | Reached skill level 5 in Polearms
  3325 | D:4      | Found Deschulut's Magic Scroll Boutique.
  3327 | D:4      | Found Zussomn's Armour Emporium.
  3354 | D:4      | Reached XP level 7. HP: 29/59 MP: 10/10
  3667 | D:4      | Bought a scroll of identify for 26 gold pieces
  3667 | D:4      | Bought a scroll of identify for 26 gold pieces
  3667 | D:4      | Bought a scroll of noise for 13 gold pieces
  3667 | D:4      | Bought a scroll of identify for 26 gold pieces
  3693 | D:4      | Found a staircase to the Ecumenical Temple.
  3749 | Temple   | Entered the Ecumenical Temple
  3757 | Temple   | Became a worshipper of Warmaster Okawaru
  3999 | D:4      | Found Senov's Weapon Emporium.
  4035 | D:5      | Entered Level 5 of the Dungeon
  4362 | D:5      | Found a burning altar of Makhleb.
  4658 | D:5      | Reached * piety under Okawaru
  4659 | D:5      | Reached XP level 8. HP: 45/67 MP: 12/12
  6109 | D:6      | Reached ** piety under Okawaru
  6237 | D:6      | Found a shadowy altar of Dithmenos.
  6288 | D:6      | Reached XP level 9. HP: 72/72 MP: 14/14
  6405 | D:6      | Found a runed translucent gate.
  6406 | D:6      | Found a runed translucent gate.
  6407 | D:6      | Found the +9 staff of Olgreb {rPois∞}
  6413 | D:6      | Found a runed translucent door.
  6450 | D:6      | Found a runed translucent door.
  6458 | D:6      | Found a runed translucent gate.
  6520 | D:6      | Found an opulent altar of Gozag.
  6805 | D:6      | HP: 3/111 [poisoned by a redback]
  6805 | D:6      | Slain by a redback

Illustrated notes

Levels and vault maps discovered:
D:1:      onia_arrival_mini_spirals, layout_basic,
          dreamdust_ecumenical_altar_sealed_demon, minmay_split_cup_small
D:2:      layout_loops_cross, minmay_hexomino_f4
D:3:      layout_loops_ring, minmay_misc_feat_tower, kennysheep_cluttered_room
D:4:      layout_rooms, chequers_temple_overflow_statue_of_worship,
          temple_green, serial_shops, nicolae_lakefront_shop, shop,
          nicolae_diamond_shop, eino_tiny_chamber, guppyfry_early_orc_mine
D:5:      layout_loops_ring, makhleb_blood_cavern_becter,
          kennysheep_windowed_goal
D:6:      layout_gridville, mainiacjoe_overflow_concentric_impassable,
          kennysheep_mini_moat, minmay_misc_feat_diagonals, grunt_ministairs_3,
          minmay_guarded_unrand_staff_of_olgreb
Temple:   eino_temple_lava

Skill      XL: |  1  2  3  4  5  6  7  8  9 |
---------------+----------------------------+-----
Invocations    | 1 2 3 4 |  4.6
Short Blades   | 1 2 3 4 |  4.2
Long Blades    | 1 2 3 4 |  4.2
Axes           | 1 2 3 4 |  4.2
Maces & Flails | 1 2 3 4 |  4.2
Staves         | 1 2 3 4 |  4.2
Slings         | 1 2 3 4 |  4.2
Bows           | 1 2 3 4 |  4.2
Crossbows      | 1 2 3 4 |  4.2
Throwing       | 1 2 3 4 |  4.2
Dodging        | 1 2 3 4 |  4.2
Stealth        | 1 2 3 4 |  4.2
Unarmed Combat | 1 2 3 4 |  4.2
Spellcasting   | 1 2 3 4 |  4.2
Evocations     | 1 2 3 4 |  4.2
Conjurations   | 1 2 3 |  3.4
Hexes          | 1 2 3 |  3.4
Summonings     | 1 2 3 |  3.4
Necromancy     | 1 2 3 |  3.4
Translocations | 1 2 3 |  3.4
Transmutations | 1 2 3 |  3.4
Fire Magic     | 1 2 3 |  3.4
Ice Magic      | 1 2 3 |  3.4
Air Magic      | 1 2 3 |  3.4
Earth Magic    | 1 2 3 |  3.4
Poison Magic   | 1 2 3 |  3.4
Polearms       | 5 6 |  6.3
Fighting       | 7 |  7.9
Armour         | 7 |  7.9
Shields        | 7 |  7.9

Action                   |  1- 3 |  4- 6 |  7- 9 || total
-------------------------+-------+-------+-------++-------
Melee: Trident           |   126 |       |       ||   126
       Bite              |     9 |    16 |    26 ||    51
       Spear             |       |   190 |   297 ||   487
  Use: Potion            |       |     2 |     6 ||     8
       Scroll            |       |       |     5 ||     5
Armor: Scale mail        |    42 |    47 |    71 ||   160
       Skin              |       |       |     1 ||     1
Dodge: Dodged            |    33 |    51 |    77 ||   161
Block: Kite shield       |    55 |    93 |   131 ||   279
